 Dungeon Crawl Stone Soup version 0.22-a0-417-g1387785b41 (webtiles) character file.

1381 M4edhros the Sneak (level 8, -1/38 HPs)
             Began as a Felid Chaos Knight on May 15, 2018.
             Slain by an orc warrior
             ... wielding a +0 halberd
              (14 damage)
             ... on level 8 of the Dungeon.
             The game lasted 00:23:51 (2668 turns).

M4edhros the Sneak (Felid Chaos Knight)             Turns: 2668, Time: 00:23:52

Health: -1/38      AC:  2    Str:  6    XL:     8   Next: 39%
Magic:  14/14      EV: 23    Int: 11    God:    Xom [.*....]
Gold:   176        SH:  0    Dex: 17    Spells: 2/12 levels left
                                        Lives:  0   Deaths: 2

rFire    . . .     SeeInvis +     - Unarmed
rCold    . . .     Gourm    +   (shield unavailable)
rNeg     + . .     Faith    .   (armour unavailable)
rPois    .         Spirit   .   (helmet unavailable)
rElec    .         Reflect  .   (cloak unavailable)
rCorr    .         Harm     .   (gloves unavailable)
MR       +....                  (boots unavailable)
Stlth    ++........             d - amulet of the gourmand
HPRegen  0.00/turn              h - ring of positive energy
MPRegen  0.14/turn              (no ring)

@: confused, quick
A: very small, no armour, no weapons or thrown items, stealth, claws 1, fangs 3,
see invisible, carnivore, clumsy 1, dopey 1, speed 1, screaming 1, shaggy fur 2,
inhibited regeneration, slow metabolism 1, weak 1, no potion heal 1, sharp paws
a: Renounce Religion


You were on level 8 of the Dungeon.
You worshipped Xom.
You were a plaything of Xom.
You were not hungry.

You visited 1 branch of the dungeon, and saw 8 of its levels.
You also visited: Ossuary.

You collected 215 gold pieces.
You spent 39 gold pieces at shops.

Inventory:

Missiles
 l - 29 sling bullets
Jewellery
 d - an amulet of the gourmand (around neck)
 h - a ring of positive energy (left paw)
Scrolls
 f - a scroll of enchant weapon
 m - 2 scrolls of teleportation
 q - a scroll of fear
Potions
 b - a potion of magic
 c - a potion of invisibility
 n - a potion of curing
Comestibles
 a - 3 rations


   Skills:
 - Level 5.8 Fighting
 - Level 7.3 Dodging
 + Level 7.8 Stealth
 + Level 6.4 Unarmed Combat
 * Level 2.7 Spellcasting
 * Level 2.7 Conjurations
 * Level 3.7 Charms
 * Level 2.7 Ice Magic
   Level 7.1 Evocations


You had 2 spell levels left.
You knew the following spells:

 Your Spells              Type           Power        Failure   Level  Hunger
a - Ozocubu's Armour      Chrm/Ice       #.......     22%         3    ###....
b - Throw Icicle          Conj/Ice       #.......     65%         4    #####..
c - Regeneration          Chrm/Necr      #.........   36%         3    ###....

Your spell library contained the following spells:

 Spells                   Type           Power        Failure   Level  Hunger
 Throw Frost              Conj/Ice       #.....       13%         2    ###....
 Freeze                   Ice            #...         9%          1    #......
 Summon Ice Beast         Ice/Summ       #.......     83%         4    #####..
 Shroud of Golubria       Chrm/Tloc      #.........   19%         2    ###....
 Infusion                 Chrm           #...         6%          1    #......
 Song of Slaying          Chrm           #.......     9%          2    ###....
 Spectral Weapon          Hex/Chrm       #.......     36%         3    ###....


Dungeon Overview and Level Annotations

Branches:
Dungeon (8/15)             Temple (0/1) D:7
   Lair: D:8-11

Altars:
Cheibriados
Okawaru

Shops:
D:6 ?   D:7 (

Annotations:
D:8 Erica


Innate Abilities, Weirdness & Mutations

You cannot wear armour.
You are incapable of wielding weapons or throwing items.
Your paws allow you to move quietly. (Stealth)
You have sharp claws.
You have razor-sharp teeth.
You have supernaturally acute eyesight. (SInv)
You are carnivorous and can eat meat at any time.
You cover ground quickly.
You are covered in thick fur. (AC +2)
You have a slow metabolism.
Your sharp claws are effective at attacking unaware monsters.
You are clumsy. (Dex -2)
You are dopey. (Int -2)
You occasionally shout uncontrollably at your foes.
You do not regenerate when monsters are visible.
You are weak. (Str -2)
Potions are less effective at restoring your health.


Message History

You claw the orc wizard!
You kill the orc wizard!
The orc barely misses you.
You scratch the orc.
The orc is heavily wounded.
You scratch the orc.
You kill the orc!
You see here a ration.
a - 3 rations (gained 1) Xom smiles on you.
Your system partially rejects the healing.
You feel better.
Xom titters.
You are confused.
You're too confused!
The orc warrior completely misses you.
You bump into the rock wall.
The orc warrior hits you with a halberd!
You die...
Xom giggles madly!

*,* #.# #.# #.# *,* #.# #.#
####.# *,* #.# #.# #....< *,*
#.###.## #,##.. *,* #.##...####
#.#... *,* #.........# #.#.##
*,* #.##...##.# #...# *,****
#o###)###.#####.#
*,,,,*#########@###.##...####.#
****,*#.......................#
*,*#.#######..####.....#...#*
*,**,**#####..####.....#.....
*,**,,...........5.(<..#...##
*,**,*######....##.....###.#
*,**,***...............# #.#
*,,,,,,..####..#####.### #.#
****,***** #..# #.# *.#


You could see an orc warrior.

Vanquished Creatures
  A two-headed ogre (D:8)
  The ghost of Banto the Geomancer, a novice OpEE of Sif Muna (D:6)
  The ghost of tmwh the Destroyer, a novice DrCj (D:5)
  A hornet (shapeshifter) (D:7)
  A slime creature (D:8)
  Edmund (D:6)
  3 ogres
  A hornet zombie (D:7)
  A centaur (D:6)
  2 scorpions
  3 howler monkeys
  A bullfrog zombie (D:7)
  A crimson imp (D:8)
  5 jellies
  An orc priest (D:7)
  3 hounds
  2 orc wizards
  A centaur skeleton (D:7)
  An iguana (D:8)
  Ijyb (D:5)
  A worker ant (D:7)
  4 big kobold zombies (Ossuary)
  A hound skeleton (D:6)
  2 mummies (Ossuary)
  3 adders
  5 gnolls
  A howler monkey skeleton (D:7)
  2 shadow imps
  13 oozes (D:8)
  2 adder zombies (Ossuary)
  4 leopard geckos
  12 orcs
  2 ball pythons
  A bat (D:3)
  2 giant cockroaches
  3 gnoll zombies (Ossuary)
  2 goblins
  A hobgoblin (D:3)
  11 jackals
  2 frilled lizards (D:4)
  A giant cockroach zombie (D:6)
  2 hobgoblin zombies (Ossuary)
  4 kobold zombies (Ossuary)
  5 orc zombies (Ossuary)
  3 rats (D:3)
121 creatures vanquished.

Vanquished Creatures (collateral kills)
  A two-headed ogre (D:8)
  A scorpion (D:7)
  2 gnolls (D:7)
  A jackal (D:7)
5 creatures vanquished.

Vanquished Creatures (others)
  A howler monkey (D:7)
  An ooze (D:8)
  4 fungi (D:8)
6 creatures vanquished.

Grand Total: 132 creatures vanquished

Notes
Turn   | Place    | Note
-------+----------+-------------------------------------------
     0 | D:1      | M4edhros the Felid Chaos Knight began the quest for the Orb.
     0 | D:1      | Reached XP level 1. HP: 10/10 MP: 2/2
     2 | D:1      | XOM: harmless Summ miscast
   104 | D:3      | XOM: silly message
   134 | D:3      | Reached skill level 1 in Stealth
   134 | D:3      | Reached XP level 2. HP: 11/14 MP: 3/3
   333 | D:4      | XOM: potion effect (agility)
   350 | D:4      | Reached XP level 3. HP: 5/17 MP: 4/4
   436 | D:4      | XOM: silly message
   545 | D:5      | Entered Level 5 of the Dungeon
   545 | D:5      | Noticed Ijyb
   552 | D:5      | Killed Ijyb
   552 | D:5      | Reached XP level 4. HP: 8/21 MP: 5/5
   553 | D:5      | Noticed tmwh's ghost (novice DrCj)
   562 | D:5      | Killed tmwh's ghost
   562 | D:5      | Reached XP level 5. HP: 11/25 MP: 5/8
   562 | D:5      | Gained mutation: You are covered in thick fur. (AC +2) [Felid growth]
   562 | D:5      | Reached XP level 6. HP: 12/28 MP: 5/9
   754 | D:5      | XOM: swap monsters
   764 | D:5      | Reached skill level 5 in Dodging
   824 | D:5      | XOM: butterfly on damage
   856 | D:6      | XOM: stealth player
   874 | D:6      | Noticed Banto's ghost (novice OpEE)
   874 | D:6      | Found Axke's Magic Scroll Shoppe.
   881 | D:6      | Killed Banto's ghost
   881 | D:6      | Reached XP level 7. HP: 12/33 MP: 9/11
   890 | D:6      | Bought a scroll of teleportation for 39 gold pieces
  1009 | D:7      | Found a staircase to the Ecumenical Temple.
  1031 | D:7      | Reached skill level 5 in Stealth
  1056 | D:7      | XOM: potion effect (curing)
  1063 | D:7      | XOM: enchant monster (good)
  1072 | D:7      | XOM: smoke on damage
  1077 | D:7      | XOM: 2-stop teleportation journey
  1087 | D:7      | Found an iron altar of Okawaru.
  1117 | D:7      | Found Wonelaji's Antique Weapon Shop.
  1240 | D:7      | XOM: confuse monster(s)
  1248 | D:7      | Reached skill level 5 in Evocations
  1248 | D:7      | Reached XP level 8. HP: 18/36 MP: 12/12
  1266 | D:7      | Reached skill level 5 in Unarmed Combat
  1275 | D:7      | XOM: god gift: 20 sling bullets
  1301 | D:7      | XOM: blink monster(s)
  1303 | D:7      | XOM: confusion
  1307 | D:7      | XOM: 1-stop teleportation journey
  1317 | D:7      | XOM: polymorph jackal -> gnoll
  1356 | D:7      | Found a sand-covered staircase.
  1361 | Ossuary  | Entered an ossuary
  1430 | Ossuary  | Reached skill level 5 in Fighting
  1532 | Ossuary  | XOM: give mutations
  1532 | Ossuary  | Gained mutation: You are dopey. (Int -2) [Xom's mischief]
  1532 | Ossuary  | Lost mutation: You are dopey. (Int -2) [Xom's mischief]
  1532 | Ossuary  | Gained mutation: You are weak. (Str -2) [Xom's mischief]
  1641 | D:7      | Noticed a hornet
  1641 | D:7      | a soldier ant changed into a hornet
  1645 | D:7      | Killed a hornet
  1749 | D:6      | Found a snail-covered altar of Cheibriados.
  1751 | D:6      | Noticed Edmund
  1758 | D:6      | Killed Edmund
  1873 | D:6      | XOM: harmless Necr miscast
  1882 | D:6      | XOM: cloud trail
  1982 | D:8      | Noticed a slime creature
  1997 | D:8      | Killed a slime creature
  1997 | D:8      | Reached XP level 9. HP: 21/40 MP: 15/15
  1998 | D:8      | XOM: enchant monster (good)
  2004 | D:8      | XOM: enchant monster (good)
  2036 | D:8      | HP: 1/41 [acid (11)]
  2106 | D:8      | Learned a level 3 spell: Ozocubu's Armour
  2111 | D:8      | Learned a level 4 spell: Throw Icicle
  2120 | D:8      | HP: 1/41 [hound (5)]
  2123 | D:8      | Slain by a hound
  2124 | D:8      | Reached XP level 8. HP: -3/38 MP: 14/14
  2154 | D:8      | Noticed a two-headed ogre
  2193 | D:8      | XOM: cast spell 'Cause Fear'
  2209 | D:8      | XOM: enchant monster (good)
  2218 | D:8      | Killed a two-headed ogre
  2218 | D:8      | Reached skill level 1 in Spellcasting
  2218 | D:8      | Reached skill level 1 in Conjurations
  2218 | D:8      | Reached skill level 1 in Ice Magic
  2333 | D:8      | Noticed a two-headed ogre
  2350 | D:8      | XOM: divination: detect items
  2455 | D:8      | XOM: summons friendly crimson imp
  2467 | D:8      | XOM: summons friendly shadow imp
  2474 | D:8      | XOM: 2-stop teleportation journey
  2496 | D:8      | XOM: enchant monster (good)
  2510 | D:8      | Reached XP level 9. HP: 27/41 MP: 15/15
  2525 | D:8      | Learned a level 3 spell: Regeneration
  2565 | D:8      | Noticed a two-headed ogre
  2565 | D:8      | Noticed a shining eye
  2565 | D:8      | a two-headed ogre changed into a shining eye
  2565 | D:8      | XOM: polymorph two-headed ogre -> shining eye
  2572 | D:8      | Noticed Erica
  2577 | D:8      | XOM: snakes to sticks
  2578 | D:8      | Gained mutation: You are clumsy. (Dex -2) [a shining eye]
  2579 | D:8      | Noticed a two-headed ogre
  2579 | D:8      | Gained mutation: You do not regenerate when monsters are visible. [a shining eye]
  2581 | D:8      | Gained mutation: You are dopey. (Int -2) [a shining eye]
  2582 | D:8      | XOM: enchant monster (good)
  2583 | D:8      | Gained mutation: You occasionally shout uncontrollably at your foes. [a shining eye]
  2584 | D:8      | Gained mutation: Potions are less effective at restoring your health. [a shining eye]
  2585 | D:8      | Mangled by a two-headed ogre
  2585 | D:8      | Killed a two-headed ogre
  2586 | D:8      | Reached XP level 8. HP: -11/57 MP: 14/14
  2611 | D:8      | XOM: swap monsters
  2614 | D:8      | XOM: noise
  2650 | D:8      | XOM: potion effect (curing)
  2663 | D:8      | XOM: confusion
  2668 | D:8      | Slain by an orc warrior

Vault maps used:
D:1:      dpeg_arrival_renting, roderic_lattice_a
D:2:      nicolae_overflow_crystal_walls
D:3:      hangedman_decor_growths, uniq_purgy
D:4:      kennysheep_mini_moat, first_ration
D:5:      lemuel_round_altar, uniq_ijyb, uniq_crazy_yiuf_cottage
D:6:      nemelex_xobeh_ov_fountains_minmay, serial_shops, shop_statue,
          cheibriados_altar_1, uniq_edmund
D:7:      okawaru_ov_weapons_minmay, nicolae_gozag_seed_capital,
          minmay_temple_entry_grid, enter_ossuary_2, serial_shops, shop
D:8:      lemuel_slime, overflow_temple_1_default, overflow_temple_1_default,
          serial_shops, kennysheep_mini, uniq_erica
Ossuary:  ossuary_tomb_2

Skill      XL: |  1  2  3  4  5  6  7  8  9 |
---------------+----------------------------+-----
Stealth        | 1 2 3 4 5 6 7 |  7.8
Dodging        | 4 5 6 7 |  7.3
Fighting       | 4 5 |  5.8
Unarmed Combat | 4 5 6 |  6.4
Evocations     | 3 4 5 6 7 |  7.1
Spellcasting   | 2 |  2.7
Conjurations   | 2 |  2.7
Charms         | 2 3 |  3.7
Ice Magic      | 2 |  2.7

Action                   |  1- 3 |  4- 6 |  7- 9 || total
-------------------------+-------+-------+-------++-------
Melee: Unarmed           |    62 |    41 |   369 ||   472
       Bite              |     4 |     4 |    42 ||    50
       Punch             |     1 |     1 |     8 ||    10
Evoke: Wand              |     1 |     6 |    31 ||    38
  Use: Scroll            |       |       |    12 ||    12
       Potion            |       |       |     5 ||     5
 Stab: Sleeping          |     5 |     1 |    11 ||    17
       Paralysed         |     2 |     6 |    13 ||    21
       Confused          |       |       |     2 ||     2
       Petrified         |       |       |     4 ||     4
       Distracted        |       |       |     2 ||     2
  Eat: Chunk             |     7 |       |     4 ||    11
Armor: Skin              |       |     1 |    15 ||    16
Dodge: Dodged            |    46 |    27 |   256 ||   329

Table legend:
 A = Spawn XP
 B = Non-spawn XP
 C = Spawn XP percentage of total XP
 D = Spawn monster count
 E = Non-spawn monster count
 F = Spawn count percentage of total count
 G = Total turns spent on level
                    A         B        C        D         E        F      G
               +---------+---------+-------+---------+---------+-------+---------
         Total |       0 |    5270 |   0.0 |       0 |     126 |   0.0 |  2668
               +---------+---------+-------+---------+---------+-------+---------
           D:2 |       0 |       2 |   0.0 |       0 |       1 |   0.0 |    34
           D:3 |       0 |      20 |   0.0 |       0 |      10 |   0.0 |   212
           D:4 |       0 |      67 |   0.0 |       0 |       7 |   0.0 |   370
           D:5 |       0 |     516 |   0.0 |       0 |      10 |   0.0 |   220
           D:6 |       0 |     884 |   0.0 |       0 |      11 |   0.0 |   338
           D:7 |       0 |    1001 |   0.0 |       0 |      33 |   0.0 |   486
           D:8 |       0 |    2621 |   0.0 |       0 |      32 |   0.0 |   719
       Ossuary |       0 |     159 |   0.0 |       0 |      22 |   0.0 |   269
               +---------+---------+-------+---------+---------+-------+---------
